Map: New Gettysburg LE

Players

puCK (Nina) - Winner!

  • Race: Protoss Protoss
  • League: Master

KingRaze

  • Race: Terran Terran
  • League: Master

VOD

Have the link to the VOD?

Description

Time

  • Played on: Oct. 25, 2016, 9:24 p.m.
  • Length: 6:55
Show
View Real Time Build Order
Export as new Build Order

puCK Protoss - Winner!

Build Orders:  

Get SALT Encoding   

  12  0:00  Probe (Chrono Boost)  
  13  0:11  Probe (Chrono Boost)  
  14  0:19  Pylon  
  14  0:22  Probe (Chrono Boost)  
  15  0:38  Probe (Chrono Boost)  
  15  0:39  Gateway  
  16  0:45  Assimilator  
  16  0:49  Probe (Chrono Boost)  
  17  0:59  Pylon  
  17  1:01  Probe (Chrono Boost)  
  18  1:18  Gateway  
  18  1:20  Gateway  
  19  1:31  Cybernetics Core  
  18  1:33  Probe (Chrono Boost)  
  18  1:39  Assimilator  
  19  1:45  Probe (Chrono Boost)  
  20  1:55  Probe (Chrono Boost)  
  21  2:04  Stalker  
  21  2:05  Warp Gate  
  21  2:07  Stalker  
  26  2:16  Probe (Chrono Boost)  
  26  2:18  Pylon  
  26  2:33  Probe (Chrono Boost)  
  26  2:35  Stalker  
  29  2:39  Stalker  
  31  2:44  Adept  
  33  3:06  Robotics Facility  
  33  3:17  Probe (Chrono Boost)  
  34  3:23  Stargate  
  34  3:37  Probe (Chrono Boost)  
  35  3:48  Pylon  
  35  3:55  Warp Prism  
  37  4:05  Oracle  
  40  4:11  Stalker x2  
  44  4:20  Stalker  
  44  4:21  Pylon  
  46  4:34  Observer  
  47  4:56  Nexus  
  47  4:58  Phoenix  
  47  4:59  Probe (Chrono Boost)  
  51  5:15  Probe (Chrono Boost), Stalker x2  
  55  5:34  Pylon  
  55  5:47  Pylon  
  55  5:48  Phoenix  
  55  5:55  Mothership Core (Chrono Boost)  
  59  6:10  Phoenix  
  59  6:12  Probe (Chrono Boost)  
  59  6:15  Probe (Chrono Boost)  
  63  6:22  Probe (Chrono Boost)  
  60  6:27  Stalker  
  60  6:28  Stalker  
  60  6:32  Stalker  
  58  6:51  Stalker x2  
Show
View Real Time Build Order
Export as new Build Order

KingRaze Terran 

Build Orders: Reaper Expand 

Get SALT Encoding   

  12  0:00  SCV  
  13  0:13  SCV  
  14  0:18  Supply Depot  
  14  0:25  SCV  
  15  0:39  SCV  
  15  0:41  Barracks  
  16  0:44  Refinery  
  16  0:51  SCV  
  17  1:03  SCV  
  18  1:15  SCV  
  19  1:29  Reaper, Orbital Command  
  20  1:40  Command Center  
  20  1:51  Barracks  
  20  1:54  SCV  
  21  2:01  Barracks Reactor  
  21  2:06  SCV  
  22  2:09  Supply Depot  
  22  2:19  SCV  
  22  2:20  Refinery  
  23  2:31  SCV  
  23  2:33  Bunker x2  
  24  2:37  Marine x2  
  24  2:38  Marine  
  24  2:43  SCV  
  27  2:53  Factory  
  27  2:55  Marine x2  
  27  2:56  Marine  
  27  2:58  SCV  
  29  3:13  Engineering Bay  
  29  3:19  Barracks Tech Lab, Marine x2  
  31  3:24  Supply Depot  
  28  3:40  Starport  
  28  3:42  Refinery, SCV  
  28  3:45  Marine x3  
  31  3:51  Supply Depot  
  31  3:58  Supply Depot  
  31  4:10  Marine  
  31  4:12  Marine x2, Siege Tank  
  36  4:17  Bunker  
  36  4:23  Medivac  
  38  4:30  Marine x2  
  40  4:31  Marine  
  40  4:35  SCV  
  42  4:43  Supply Depot  
  42  4:55  Cyclone  
  46  5:02  SCV  
  43  5:14  Missile Turret  
  43  5:23  SCV  
  44  5:35  SCV  
  45  5:36  Marine x2  
  45  5:40  Marauder  
  49  5:43  Factory Tech Lab  
  49  5:47  Starport Reactor  
  49  5:51  Supply Depot  
  49  6:01  Marauder  
  51  6:10  Marine x2  
  50  6:30  Marine x2, Marauder  
Tags
 
Add a new tag
Caveats
  • Supply blocks, unpowered buildings, or Contaminate may cause inaccurate times.
  • Supply counts are checked every 10 seconds.